 Dungeon Crawl Stone Soup version 0.29.1-13-g9f3cf754e1 (webtiles) character file.

Game seed: 7550449925030928346

86544 DildoBatman the Geomancer (level 16, -10/126 HPs)
             Began as a Formicid Conjurer on Jan 19, 2023.
             Was an Initiate of Gozag.
             Mangled by a boulder beetle (39 damage)
             ... on level 14 of the Dungeon.
             The game lasted 01:13:17 (18447 turns).

DildoBatman the Geomancer (Formicid Conjurer)      Turns: 18447, Time: 01:13:17

Health: -10/126    AC: 31    Str: 13    XL:     16   Next: 34%
Magic:  2/27       EV: 14    Int: 23    God:    Gozag
Gold:   2730       SH: 11    Dex: 12    Spells: 16/36 levels left

rFire   . . .      SeeInvis +   a - +5 trident of Bagoap {vorpal, SInv}
rCold   + . .      Faith    .   s - +1 kite shield {AC+3}
rNeg    . . .      Spirit   .   o - +4 troll leather armour
rPois   +          Reflect  .   (helmet unavailable)
rElec   +          Harm     .   U - +2 cloak {rC+}
rCorr   .          Rampage  .   (no gloves)
Will    +....                   (no boots)
Stlth   ++........              r - amulet of regeneration
HPRegen 0.00/turn               O - +4 ring of protection
MPRegen 0.20/turn               v - ring of Dopputyc {rPois AC+4 Slay+2}

@: ice-armoured, gold aura, inhibited regen
A: permanent stasis, dig shafts and tunnels, antennae 3, four strong arms,
iridescent scales 1, dopey 1, low MP 1, electricity resistance, inhibited
regeneration
a: Dig, Shaft Self, Renounce Religion, Potion Petition, Call Merchant, Bribe
Branch


You were on level 14 of the Dungeon.
You worshipped Gozag.
Gozag was most pleased with you.
You visited 4 branches of the dungeon, and saw 22 of its levels.
You also visited: Ice Cave.

You collected 4676 gold pieces.
You spent 1272 gold pieces at shops.
You paid 674 gold pieces to Gozag.

Inventory:

Hand Weapons
 a - the +5 trident of Bagoap (weapon) {vorpal, SInv}
   (You found it on level 2 of the Dungeon)

   It inflicts extra damage upon your enemies.
   SInv:      It lets you see invisible.
 b - a +1 hand crossbow of freezing
 c - a +5 rapier of electrocution
Missiles
 Y - 4 javelins
 Z - 6 silver javelins
Armour
 o - a +4 troll leather armour (worn)
 s - a +1 kite shield of protection (worn)
 x - a +0 ring mail of willpower
 M - +0 acid dragon scales
 U - a +2 cloak of cold resistance (worn)
Magical Staves
 E - a staff of air
Jewellery
 f - a ring of flight
 r - an amulet of regeneration (around neck)
 v - the ring of Dopputyc (right hand) {rPois AC+4 Slay+2}
   (You found it on level 4 of the Lair of Beasts)

   [ring of protection]

   AC:        It affects your AC (+4).
   Slay:      It affects your accuracy & damage with ranged weapons and melee
   (+2).
   rPois:     It protects you from poison.
 A - a ring of positive energy
 F - a +6 ring of intelligence
 J - a ring of protection from cold
 O - a +4 ring of protection (left hand)
Wands
 H - a wand of light (20)
 N - a wand of roots (14)
Scrolls
 d - a scroll of enchant armour
 e - 3 scrolls of fog
 p - 3 scrolls of amnesia
 q - 3 scrolls of poison
 t - a scroll of enchant weapon {unknown}
 w - a scroll of summoning {unknown}
 y - a scroll of brand weapon {unknown}
 z - a scroll of identify
 B - 4 scrolls of immolation
 C - 3 scrolls of magic mapping
 G - a scroll of blinking {unknown}
 I - a scroll of silence {unknown}
 R - 2 scrolls of torment {unknown}
 W - 2 scrolls of fear
Potions
 g - 4 potions of cancellation
 i - a potion of ambrosia
 k - 7 potions of heal wounds
 l - 2 potions of magic
 n - 3 potions of might
 u - 10 potions of brilliance
 P - 5 potions of invisibility
 Q - 10 potions of curing
 S - 3 potions of resistance


   Skills:
 * Level 11.5 Fighting
 - Level 2.0 Short Blades
 - Level 2.0 Polearms
 * Level 11.5 Armour
 - Level 9.0 Dodging
 - Level 2.4 Stealth
 * Level 8.9 Shields
 * Level 10.5 Spellcasting
 - Level 6.0 Conjurations
 * Level 12.4 Necromancy
 * Level 3.1 Ice Magic
 - Level 3.0 Air Magic
 * Level 12.6 Earth Magic
 - Level 5.0 Poison Magic


You had 16 spell levels left.
You knew the following spells:

 Your Spells              Type           Power      Damage    Failure   Level
a - Borgnjor's Vile Clut  Necr/Erth      31%        N/A       1%          5
d - Vampiric Draining     Necr           62%        2d10      1%          3
e - Mephitic Cloud        Conj/Pois/Air  33%        N/A       5%          3
g - Ozocubu's Armour      Ice            26%        N/A       11%         3
h - Dispel Undead         Necr           62%        3d22      1%          4
z - Sublimation of Blood  Necr           62%        N/A       1%          2

Your spell library contained the following spells:

 Spells                   Type           Power      Damage    Failure   Level
 Magic Dart               Conj           100%       1d8       1%          1
 Necrotise                Necr           100%       1d9       1%          1
 Searing Ray              Conj           78%        2d7       1%          2
 Foxfire                  Conj/Fire      100%       2x1d9     3%          1
 Static Discharge         Conj/Air       32%        3-7/arc   3%          2
 Anguish                  Hex/Necr       20%        N/A       10%         4
 Conjure Flame            Conj/Fire      25%        6-21      11%         3
 Dazzling Flash           Conj/Hex       50%        N/A       11%         3
 Death Channel            Necr           31%        N/A       12%         6
 Apportation              Tloc           24%        N/A       13%         1
 Slow                     Hex            48%        N/A       13%         1
 Summon Small Mammal      Summ           48%        N/A       13%         1
 Call Imp                 Summ           12%        N/A       19%         2
 Confusing Touch          Hex            12%        N/A       36%         3
 Inner Flame              Hex/Fire       12%        N/A       36%         3
 Flame Wave               Conj/Fire      25%        2d8       36%         4
 Fulminant Prism          Conj/Hex       12%        3d9       36%         4
 Iskenderun's Mystic Bla  Conj/Tloc      25%        2d7       36%         4
 Sticky Flame             Conj/Fire      25%        2d5       36%         4
 Lightning Bolt           Conj/Air       16%        1d30      50%         5
 Borgnjor's Revivificati  Necr           31%        N/A       99%         8
 Infestation              Necr           31%        N/A       99%         8
 Haunt                    Necr/Summ      20%        N/A       100%        7
 Ozocubu's Refrigeration  Ice            13%        4d10      100%        7
 Maxwell's Capacitive Co  Air            12%        ∞         100%        8
 Necromutation            Tmut/Necr      20%        N/A       100%        8
 Death's Door             Necr           31%        N/A       100%        9
 Animate Dead             Necr           Unusable   N/A       N/A         4
 Corpse Rot               Necr/Pois/Air  Unusable   N/A       N/A         4
 Simulacrum               Ice/Necr       Unusable   N/A       N/A         6

Dungeon Overview and Level Annotations

Branches:
Dungeon (14/15)            Temple (1/1) D:4            Lair (5/5) D:9
 Shoals (0/4) Lair:2        Snake (0/4) Lair:3        Slime (0/5) Lair:5
    Orc (2/2) D:9             Elf (0/3) Orc:2        Vaults (0/5) D:13
  IceCv (visited)

Altars:
Ashenzari
Cheibriados
Dithmenos
Elyvilon
Fedhas
Gozag
Hepliaklqana
Kikubaaqudgha
Makhleb
Nemelex Xobeh
Okawaru
Qazlal
Ru
Sif Muna
Trog
Uskayaw
Vehumet
Wu Jian
Xom
Yredelemnul
Zin
The Shining One
Jiyva

Shops:
D:2 (   D:5 *:   D:6 !   Orc:2 *?[!

Annotations:
Lair:5 1 runed translucent door, exclusion: azure jelly


Innate Abilities, Weirdness & Mutations

You cannot be hasted, slowed, berserked, paralysed or teleported.
You can dig through walls and to a lower floor.
You have a pair of large antennae on your head. (SInv)
Your four strong arms can wield two-handed weapons with a shield.
You are partially covered in iridescent scales. (AC +2)
You are dopey. (Int -2)
Your magical capacity is low. (-10% MP)
You are resistant to electric shocks. (rElec)
You do not regenerate when monsters are visible.


Message History

The boulder beetle struggles to escape constriction.
The cyclops is distracted by your dazzling golden aura.
The boulder beetle escapes!
The boulder beetle is distracted by your dazzling golden aura.
You reach to attack!
You completely miss the cyclops.
The cyclops is no longer distracted by gold.
The cyclops shouts!
The cyclops is lightly wounded.
The zombie hands constrict the cyclops!
The zombie hands constrict the centaur warrior.
The centaur warrior shouts!
The cyclops is distracted by your dazzling golden aura.
You reach to attack!
You hit the cyclops.
The cyclops is no longer distracted by gold.
The cyclops is heavily wounded.
The zombie hands constrict the cyclops!!
The zombie hands constrict the centaur warrior!!
The boulder beetle is no longer distracted by gold.
The centaur warrior is no longer distracted by gold.
The centaur warrior escapes!
The cyclops escapes!
You hit the cyclops.
You kill the cyclops!
The centaur warrior is distracted by your dazzling golden aura.
The manticore flicks its tail.
The volley of spikes hits you but does no damage.
The centaur warrior shouts!
Your magical contamination has completely faded away.
You reach to attack!
You hit the centaur warrior.
The centaur warrior is no longer distracted by gold.
The centaur warrior is almost dead.
The centaur warrior wields a +0 longbow.
The centaur warrior shoots an arrow.
The arrow hits you!! The boulder beetle hits you!!!
You die...
Your body crumbles into a pile of gold.

########################
.[......................
################.#######
#.# ##.# ##..#######
#.......... ##..........
#...@########
#...#B○#....#
#..##cH°##..#{ #..###°$#
.D.. $ #.##{#.... ..#.
..# ##....# {c. #.##
{#..#... #. .. ##.#..(.
.. .##


You could see a boulder beetle (rolling), a centaur warrior and a manticore.

Vanquished Creatures
  A reaper (IceCv)
  Snorg (Lair:5)
  4 vault guards (D:13)
  6 hydras
  4 ogre magi (Orc:2)
  18 two-headed ogres
  3 boulder beetles
  6 centaur warriors
  Urug (D:13)
  6 death yaks (Lair:5)
  A tengu warrior (D:13)
  Amaemon (D:11)
  Lodul (D:11)
  3 lindwurms (Lair:5)
  2 orc knights (Orc:1)
  A wizard (D:14)
  A wolf spider (D:14)
  An orc sorcerer (Orc:1)
  2 ugly things (D:13)
  4 cyclopes
  5 manticores
  9 black mambas
  3 elephants
  A guardian serpent (D:13)
  Joseph (D:9)
  A gargoyle (D:14)
  2 ice statues (IceCv)
  An orange demon (D:11)
  18 cane toads
  A torpor snail (Lair:5)
  4 komodo dragons
  A kobold demonologist (D:12)
  An anaconda simulacrum (IceCv)
  A freezing wraith (IceCv)
  5 rime drakes (Lair:5)
  4 ice devils (IceCv)
  A rime drake (shapeshifter) (D:13)
  3 polar bears
  3 trolls
  A wind drake (Lair:2)
  A hornet (Lair:1)
  Grinder (D:4)
  10 blink frogs
  6 dream sheep (Lair:5)
  15 slime creatures
  Sigmund (D:3)
  2 vampires
  5 wraiths
  A wyvern (Lair:5)
  59 yaks
  6 basilisks
  A dire elephant simulacrum (IceCv)
  Eustachio (D:3)
  Grum (Lair:1)
  A harpy simulacrum (IceCv)
  7 vampire mosquitoes
  A warg (Orc:2)
  Edmund (D:4)
  3 acid dragons
  A hydra simulacrum (IceCv)
  25 water moccasins
  Duvessa (D:4)
  16 orc warriors
  A black bear (D:5)
  29 ogres
  2 ice beasts
  2 centaurs (D:8)
  14 wolves
  2 phantoms
  A kobold brigand (D:10)
  12 bullfrogs
  Blork the orc (D:6)
  2 necrophages
  A cane toad simulacrum (IceCv)
  2 two-headed ogre simulacra (IceCv)
  A scorpion (D:6)
  9 wights
  Dowan (D:4)
  2 killer bees (D:7)
  6 howler monkeys
  2 jellies
  4 hounds (D:5)
  13 orc priests
  Jessica (D:2)
  2 troll simulacra (IceCv)
  4 iguanas
  18 orc wizards
  2 spriggan simulacra (IceCv)
  A polar bear simulacrum (IceCv)
  A wolf simulacrum (IceCv)
  3 gnolls (D:3)
  A naga simulacrum (IceCv)
  2 adders
  A shadow imp (D:5)
  17 white imps
  4 ufetubi
  3 worms
  A dart slug (D:4)
  69 orcs
  2 endoplasms
  2 giant cockroaches (D:4)
  7 hobgoblins
  10 kobolds
  3 quokkas
  6 ball pythons
  2 bats
  3 frilled lizards (D:1)
  4 goblins
  A rat (D:1)
576 creatures vanquished.

Vanquished Creatures (collateral kills)
  A killer bee (D:7)
1 creature vanquished.

Vanquished Creatures (others)
  19 fungi
  36 plants
55 creatures vanquished.

Grand Total: 632 creatures vanquished

Notes
Turn   | Place    | Note
-------+----------+-------------------------------------------
     0 | D:1      | DildoBatman the Formicid Conjurer began the quest for the
                  | Orb.
     0 | D:1      | Reached XP level 1. HP: 13/13 MP: 3/3
   242 | D:1      | Reached XP level 2. HP: 18/20 MP: 3/5
   245 | D:1      | Learned a level 2 spell: Searing Ray
   678 | D:2      | Found Secsakiw's Weapon Emporium.
   689 | D:2      | Identified the +5 trident of Bagoap {vorpal, SInv}
   764 | D:2      | Noticed Jessica
  1116 | D:3      | Reached skill level 1 in Fighting
  1116 | D:3      | Reached skill level 1 in Armour
  1116 | D:3      | Reached XP level 3. HP: 26/26 MP: 6/6
  1150 | D:3      | Reached XP level 4. HP: 32/32 MP: 5/7
  1161 | D:3      | Reached skill level 1 in Polearms
  1164 | D:3      | Identified the +2 ring mail "Suosm" {rC+ Dex-5 Slay+5}
  1308 | D:3      | Found a faded altar of an unknown god.
  1428 | D:3      | Found a broken altar of Ashenzari.
  1458 | D:3      | Found a shadowy altar of Dithmenos.
  1572 | D:4      | Noticed Sigmund
  1627 | D:4      | Noticed Eustachio
  1708 | D:4      | Noticed Edmund
  1810 | D:4      | Noticed a necrophage
  1818 | D:4      | Killed a necrophage
  1819 | D:4      | Reached XP level 5. HP: 32/38 MP: 1/9
  1838 | D:4      | Reached XP level 6. HP: 45/45 MP: 4/10
  1884 | D:4      | Noticed Dowan
  1887 | D:4      | Found a radiant altar of Vehumet.
  1894 | D:4      | Noticed Grinder
  1917 | D:5      | Entered Level 5 of the Dungeon
  2020 | D:5      | Found Valiu's Book Emporium.
  2035 | D:5      | Noticed a black bear
  2140 | D:5      | Found Atuhip's Assorted Antiques.
  2145 | D:5      | Bought a fuming pink potion for 19 gold pieces
  2145 | D:5      | Bought a scroll labelled CUJUAG HOTELOAR for 22 gold pieces
  2145 | D:5      | Bought a scroll labelled IXKOELA SONUKONOF for 22 gold
                  | pieces
  2195 | D:6      | Reached XP level 7. HP: 52/52 MP: 12/12
  2221 | D:6      | Reached skill level 5 in Conjurations
  2236 | D:6      | Found Letyekadgh's Distillery.
  2326 | D:6      | Reached skill level 5 in Spellcasting
  2326 | D:6      | Reached XP level 8. HP: 58/58 MP: 15/15
  2355 | D:6      | Learned a level 3 spell: Mephitic Cloud
  2359 | D:6      | Learned a level 3 spell: Vampiric Draining
  2643 | D:6      | Reached skill level 1 in Poison Magic
  2675 | D:6      | Reached skill level 1 in Air Magic
  2946 | D:6      | Noticed Blork the orc
  3614 | D:4      | Found a staircase to the Ecumenical Temple.
  3623 | Temple   | Entered the Ecumenical Temple
  3822 | Temple   | Became a worshipper of Kikubaaqudgha
  3906 | D:2      | Killed Jessica
  3955 | D:3      | Killed Eustachio
  3971 | D:3      | Killed Sigmund
  3972 | D:3      | Reached XP level 9. HP: 41/63 MP: 4/18
  4016 | D:4      | Killed Edmund
  4017 | D:4      | Reached skill level 5 in Poison Magic
  4032 | D:4      | Killed Grinder
  4178 | D:4      | Noticed Duvessa
  4221 | D:4      | Killed Duvessa
  4268 | D:4      | Killed Dowan
  4825 | D:6      | Killed Blork the orc
  5292 | D:7      | Reached skill level 5 in Fighting
  5292 | D:7      | Reached skill level 5 in Armour
  5490 | D:7      | Reached skill level 1 in Necromancy
  5589 | D:7      | Reached XP level 10. HP: 74/74 MP: 20/20
  5600 | D:7      | Reached * piety under Kikubaaqudgha
  5600 | D:7      | Received a gift from Kikubaaqudgha
  5606 | D:7      | Learned a level 2 spell: Sublimation of Blood
  6691 | D:8      | Found a sacrificial altar of Ru.
  7060 | D:9      | Noticed Joseph
  7094 | D:9      | Killed Joseph
  7095 | D:9      | Reached skill level 1 in Short Blades
  7195 | D:9      | Found a staircase to the Orcish Mines.
  7225 | D:9      | Reached skill level 5 in Necromancy
  7244 | D:9      | Found a staircase to the Lair.
  7308 | D:9      | Reached ** piety under Kikubaaqudgha
  7324 | D:9      | Reached XP level 11. HP: 50/79 MP: 10/24
  7333 | D:9      | Noticed an elephant
  7354 | D:9      | Killed an elephant
  7387 | D:9      | Learned a level 4 spell: Dispel Undead
  7670 | D:10     | Entered Level 10 of the Dungeon
  7670 | D:10     | Noticed a two-headed ogre
  7710 | D:10     | Reached skill level 10 in Spellcasting
  7711 | D:10     | Killed a two-headed ogre
  8022 | D:10     | Noticed a two-headed ogre
  8039 | D:10     | Killed a two-headed ogre
  8039 | D:10     | Reached *** piety under Kikubaaqudgha
  8039 | D:10     | Received a gift from Kikubaaqudgha
  8040 | D:10     | Reached skill level 10 in Necromancy
  8046 | D:10     | Learned a level 5 spell: Borgnjor's Vile Clutch
  8129 | D:10     | Noticed a two-headed ogre
  8152 | D:10     | Killed a two-headed ogre
  8488 | Orc:1    | Entered Level 1 of the Orcish Mines
  8491 | Orc:1    | Noticed an orc knight
  8505 | Orc:1    | Reached skill level 5 in Earth Magic
  8505 | Orc:1    | Reached XP level 12. HP: 37/86 MP: 21/26
  8517 | Orc:1    | Reached **** piety under Kikubaaqudgha
  8602 | D:6      | Bought 2 potions of mutation for 192 gold pieces
  8602 | D:6      | Bought a potion of curing for 36 gold pieces
  8649 | D:9      | Gained mutation: You passively dampen the noise of your
                  | surroundings. [potion of mutation]
  8649 | D:9      | Gained mutation: You occasionally lose the ability to drink
                  | potions when taking damage. [potion of mutation]
  8649 | D:9      | Gained mutation: You are agile. (Dex +4, Str/Int -1)
                  | [potion of mutation]
  8650 | D:9      | Lost mutation: You occasionally lose the ability to drink
                  | potions when taking damage. [potion of mutation]
  8650 | D:9      | Lost mutation: You passively dampen the noise of your
                  | surroundings. [potion of mutation]
  8650 | D:9      | Gained mutation: You are strong-willed. (Will+) [potion of
                  | mutation]
  8650 | D:9      | Gained mutation: You are somewhat resistant to further
                  | mutation. [potion of mutation]
  8900 | Orc:2    | Entered Level 2 of the Orcish Mines
  8900 | Orc:2    | Noticed a two-headed ogre
  8900 | Orc:2    | Noticed a two-headed ogre
  8901 | Orc:2    | Noticed a two-headed ogre
  8902 | Orc:2    | Noticed an ogre mage
  9215 | Orc:2    | Noticed a two-headed ogre
  9225 | Orc:2    | Killed a two-headed ogre
  9231 | Orc:2    | Found a staircase to the Elven Halls.
  9253 | Orc:2    | Noticed a two-headed ogre
  9267 | Orc:2    | Noticed an ogre mage
  9268 | Orc:2    | Killed a two-headed ogre
  9276 | Orc:2    | Killed a two-headed ogre
  9277 | Orc:2    | Reached skill level 10 in Earth Magic
  9280 | Orc:2    | Killed an ogre mage
  9292 | Orc:2    | Noticed a two-headed ogre
  9301 | Orc:2    | Killed a two-headed ogre
  9301 | Orc:2    | Noticed a two-headed ogre
  9311 | Orc:2    | Killed an ogre mage
  9315 | Orc:2    | Killed a two-headed ogre
  9363 | Orc:2    | Noticed a two-headed ogre
  9371 | Orc:2    | Found Woforph's Distillery.
  9371 | Orc:2    | Found Visomnu's Magic Scroll Boutique.
  9371 | Orc:2    | Noticed a two-headed ogre
  9394 | Orc:2    | Killed a two-headed ogre
  9466 | Orc:2    | Found Vaip Otu's Armour Boutique.
  9466 | Orc:2    | Found Xaukhich's Assorted Antiques.
  9483 | Orc:2    | Reached XP level 13. HP: 91/91 MP: 20/27
  9506 | Orc:2    | Noticed an ogre mage
  9525 | Orc:2    | Killed an ogre mage
  9599 | Orc:2    | Reached ***** piety under Kikubaaqudgha
  9705 | Orc:2    | Noticed an ogre mage
  9712 | Orc:2    | Killed an ogre mage
 10373 | D:11     | Noticed Amaemon
 10375 | D:11     | Noticed Lodul
 10384 | D:11     | Killed Amaemon
 10419 | D:11     | Killed Lodul
 10919 | D:12     | Reached skill level 5 in Dodging
 11117 | D:12     | Found a frozen archway.
 11117 | D:12     | Noticed a boulder beetle
 11151 | D:12     | Killed a boulder beetle
 11176 | IceCv    | Entered an ice cave
 11264 | IceCv    | Reached XP level 14. HP: 65/103 MP: 7/28
 11498 | IceCv    | Noticed a reaper
 11543 | IceCv    | Killed a reaper
 12787 | D:13     | Noticed Urug
 12800 | D:13     | Reached skill level 1 in Shields
 12800 | D:13     | Killed Urug
 12825 | D:13     | Found a gate to the Vaults.
 13267 | D:14     | Reached ****** piety under Kikubaaqudgha
 13268 | D:14     | Received a gift from Kikubaaqudgha
 13269 | D:14     | Fell from the grace of Kikubaaqudgha
 13528 | Temple   | Became a worshipper of Gozag Ym Sagoz the Greedy
 13715 | Orc:2    | Bought a potion of curing for 45 gold pieces
 13715 | Orc:2    | Bought a potion of cancellation for 120 gold pieces
 13715 | Orc:2    | Bought a potion of heal wounds for 75 gold pieces
 13715 | Orc:2    | Bought a potion of might for 60 gold pieces
 13715 | Orc:2    | Bought 2 potions of invisibility for 240 gold pieces
 13715 | Orc:2    | Bought a potion of curing for 45 gold pieces
 13715 | Orc:2    | Bought a potion of mutation for 120 gold pieces
 13822 | Orc:2    | Bought a runed kite shield for 180 gold pieces
 13900 | D:6      | Bought a potion of invisibility for 96 gold pieces
 13952 | Lair:1   | Entered Level 1 of the Lair of Beasts
 14154 | Lair:1   | Noticed Grum
 14158 | Lair:1   | Killed Grum
 14765 | Lair:2   | Reached skill level 5 in Shields
 14780 | Lair:2   | Reached XP level 15. HP: 86/106 MP: 19/29
 14872 | Lair:2   | Reached skill level 10 in Fighting
 14876 | Lair:2   | Reached skill level 10 in Armour
 14902 | Lair:2   | Lost mutation: You are agile. (Dex +4, Str/Int -1) [potion
                  | of mutation]
 14902 | Lair:2   | Lost mutation: You are strong-willed. (Will+) [potion of
                  | mutation]
 14902 | Lair:2   | Gained mutation: You expend magic power (3 MP) to
                  | strengthen your wands. [potion of mutation]
 14903 | Lair:2   | Lost mutation: You are somewhat resistant to further
                  | mutation. [potion of mutation]
 14903 | Lair:2   | Lost mutation: You expend magic power (3 MP) to strengthen
                  | your wands. [potion of mutation]
 14903 | Lair:2   | Gained mutation: You are robust. (+10% HP) [potion of
                  | mutation]
 14903 | Lair:2   | Gained mutation: Your magical capacity is low. (-10% MP)
                  | [potion of mutation]
 14903 | Lair:2   | Gained mutation: You expend magic power (3 MP) to
                  | strengthen your wands. [potion of mutation]
 14914 | Lair:2   | Identified the +7 scale mail of Whack-A-Mole {Rampage rF-
                  | rN++ Dex+7}
 14951 | Lair:2   | Found a staircase to the Shoals.
 15627 | Lair:3   | Found a staircase to the Snake Pit.
 16036 | Lair:3   | Lost mutation: You expend magic power (3 MP) to strengthen
                  | your wands. [potion of mutation]
 16036 | Lair:3   | Lost mutation: You are robust. (+10% HP) [potion of
                  | mutation]
 16036 | Lair:3   | Gained mutation: You occasionally lose the ability to read
                  | scrolls when taking damage. [potion of mutation]
 16036 | Lair:3   | Gained mutation: You are dopey. (Int -2) [potion of
                  | mutation]
 16036 | Lair:3   | Gained mutation: Armour fits poorly on your strangely
                  | shaped body. [potion of mutation]
 16036 | Lair:3   | Gained mutation: You are partially covered in iridescent
                  | scales. (AC +2) [potion of mutation]
 16037 | Lair:3   | Lost mutation: You occasionally lose the ability to read
                  | scrolls when taking damage. [potion of mutation]
 16037 | Lair:3   | Lost mutation: Armour fits poorly on your strangely shaped
                  | body. [potion of mutation]
 16037 | Lair:3   | Gained mutation: You do not regenerate when monsters are
                  | visible. [potion of mutation]
 16037 | Lair:3   | Gained mutation: You are resistant to electric shocks.
                  | (rElec) [potion of mutation]
 16105 | Lair:4   | Found a hazy altar of Hepliaklqana.
 16207 | Lair:4   | Identified the ring of Dopputyc {rPois AC+4 Slay+2}
 16968 | Lair:5   | Entered Level 5 of the Lair of Beasts
 17014 | Lair:5   | Found a runed translucent door.
 17014 | Lair:5   | Found a viscous altar of Jiyva.
 17014 | Lair:5   | Found a staircase to the Slime Pits.
 17014 | Lair:5   | Noticed an azure jelly
 17014 | Lair:5   | Noticed an azure jelly
 17014 | Lair:5   | Noticed an azure jelly
 17079 | Lair:5   | Learned a level 3 spell: Ozocubu's Armour
 17267 | Lair:5   | Reached skill level 1 in Ice Magic
 17476 | Lair:5   | Noticed Snorg
 17488 | Lair:5   | Killed Snorg
 17750 | Lair:5   | Reached XP level 16. HP: 120/122 MP: 23/27
 17888 | Lair:5   | Identified the +5 scale mail of Tonir {+Blink rC- Dex+3
                  | Slay+2}
 18278 | D:9      | You fall into a shaft and drop 1 floor!
 18281 | D:10     | You fall into a shaft and drop 1 floor!
 18447 | D:14     | Mangled by a boulder beetle

Illustrated notes

Levels and vault maps discovered:
D:1:      lemuel_arrival_cross, layout_loops_ring
D:2:      layout_rooms, serial_shops, shop, uniq_jessica
D:3:      layout_rooms, mainiacjoe_overflow_two_lobes,
          nicolae_ecumenical_snake_handling
D:4:      layout_rooms, kennysheep_little_box, minmay_temple_entry_poolview,
          bh_walls_and_bars, uniq_eustachio, uniq_grinder, uniq_sigmund,
          uniq_edmund, uniq_duvessa
D:5:      layout_loops_corners, serial_shops, shop, nicolae_shop_trees,
          serial_co_window_serial, co_window_paths_a,
          co_window_of_opportunity_a, co_window_paths_a, co_window_paths_b,
          co_window_corner_a, co_window_broadway_a, co_window_paths_c,
          co_window_broadway_b, co_window_corner_b, co_window_cross_3,
          co_window_paths_e, glass_columns_b, glass_columns_b
D:6:      layout_basic, serial_shops, nicolae_shop_trees, uniq_blork_the_orc
D:7:      layout_layer_cave
D:8:      layout_loops_ring, mainiacjoe_overflow_six_doors_small,
          amcnicky_mini_rare_corridor_liquid
D:9:      layout_rooms, david_lair_generic, orc_0_dummy, uniq_joseph
D:10:     layout_rooms, special_room [special_room_orc], grunt_ministairs_15,
          nicolae_figureground_sparkle
D:11:     layout_roguey, uniq_lodul, uniq_amaemon
D:12:     layout_irregular_city, portal_ice_cave_entry_imps
D:13:     layout_cave_pools, lightli_vaults_fourway_checkpoint,
          nrook_guardian_serpent_double, uniq_urug
D:14:     minmay_the_grid_triangle_9x9_rhombus_full_mashed
          [minmay_the_grid_triangle_9x9_longest,
          minmay_the_grid_triangle_9x9_swiss_cheese,
          minmay_the_grid_triangle_9x9_steps,
          minmay_the_grid_triangle_9x9_checkered,
          minmay_the_grid_triangle_9x9_wacky_v,
          minmay_the_grid_triangle_9x9_empty,
          minmay_the_grid_triangle_9x9_skeleton,
          minmay_the_grid_triangle_9x9_prize_top_heavy], layout_small_grid,
          hangedman_abyss_or_decor_stabs
Temple:   eino_narrow_crystal_temple
Lair:1:   layout_loops_ring, uniq_grum
Lair:2:   layout_misc_corridors, minmay_shoals_entry_beasts
Lair:3:   layout_misc_corridors, minmay_snake_entry_six_corridors,
          grunt_forest_small_clearings
Lair:4:   layout_cave_pods, basic_altar
Lair:5:   hangedman_lair_in_review, layout_misc_corridors, slime_entry_2,
          uniq_snorg
Orc:1:    layout_caves
Orc:2:    st_orc_ogre_mass, layout_caves, basic_altar

Skill      XL: |  1  2  3  4  5  6  7  8  9 10 11 12 13 14 15 16 |
---------------+-------------------------------------------------+-----
Dodging        | 2 3 5 7 9 |  9.0
Fighting       | 1 2 3 5 7 9 11 | 11.5
Armour         | 1 2 3 5 7 9 11 | 11.5
Polearms       | 1 2 |  2.0
Conjurations   | 4 5 6 |  6.0
Spellcasting   | 3 5 6 7 9 10 | 10.5
Poison Magic   | 4 5 |  5.0
Air Magic      | 2 3 |  3.0
Necromancy     | 1 6 10 12 | 12.4
Short Blades   | 2 |  2.0
Earth Magic    | 5 12 | 12.6
Shields        | 5 8 |  8.9
Ice Magic      | 2 3 |  3.1
Stealth        | |  2.4

Action                   |  1- 3 |  4- 6 |  7- 9 | 10-12 | 13-15 | 16-18 || total
-------------------------+-------+-------+-------+-------+-------+-------++-------
Melee: Spear             |    11 |       |       |       |       |       ||    11
       Trident           |    15 |    75 |   170 |   261 |   640 |    46 ||  1207
       Punch             |       |       |     4 |     3 |     3 |       ||    10
       Rapier            |       |       |     2 |   100 |       |       ||   102
       Staff             |       |       |       |       |     4 |       ||     4
 Fire: Shortbow          |       |       |     5 |       |    21 |       ||    26
       Hand crossbow     |       |       |       |       |     2 |     2 ||     4
 Cast: Magic Dart        |    10 |     3 |     9 |       |       |       ||    22
       Searing Ray       |     1 |     1 |    12 |     2 |       |       ||    16
       Mephitic Cloud    |       |       |     8 |    27 |     1 |     2 ||    38
       Vampiric Draining |       |       |       |    20 |    46 |     4 ||    70
       Dispel Undead     |       |       |       |     3 |    14 |       ||    17
       Sublimation of Bl |       |       |       |     6 |    89 |     6 ||   101
       Borgnjor's Vile C |       |       |       |    27 |   197 |    18 ||   242
       Ozocubu's Armour  |       |       |       |       |       |     1 ||     1
Invok: Receive Forbidden |       |       |       |       |     1 |       ||     1
       Renounce Religion |       |       |       |       |     1 |       ||     1
 Abil: Dig               |       |     1 |     1 |    10 |    14 |       ||    26
       Shaft Self        |       |       |       |       |       |     2 ||     2
  Use: Scroll            |       |     1 |     6 |     5 |     8 |     7 ||    27
       Potion            |       |       |       |     3 |     7 |       ||    10
 Stab: Sleeping          |     2 |       |     4 |     2 |     1 |       ||     9
       Confused          |       |       |     4 |    13 |     2 |       ||    19
       Distracted        |       |       |       |       |     6 |       ||     6
Armor: Robe              |     1 |     3 |       |       |       |       ||     4
       Ring mail         |       |    48 |    22 |    65 |       |       ||   135
       Leather armour    |       |       |    15 |       |       |       ||    15
       Troll leather arm |       |       |       |     4 |   242 |    42 ||   288
Dodge: Dodged            |     9 |    58 |    82 |   189 |   359 |    40 ||   737
Block: Kite shield       |       |       |       |       |   218 |    37 ||   255
       Buckler           |       |       |       |       |    10 |       ||    10
       Reflection        |       |       |       |       |     1 |       ||     1
